[Event "Olomouc Chess Summer 2017 - GM"]
[Site "Olomouc (CZE)"]
[Date "2017.08.19"]
[Round "11.1"]
[White "Rosner 2405, Jonas"]
[Black "Camarena Gimenez 2363, Rufino"]
[Result "1-0"]
[ECO "C11"]
[WhiteElo "2405"]
[BlackElo "2363"]
[PlyCount "41"]
[EventDate "2017.??.??"]
[TimeControl "6000+1965"]
[WhiteClock "1:06:29"]
[BlackClock "0:25:34"]

1. e4 e6 2. d4 d5 3. Nc3 Nf6 4. e5 Nfd7 5. f4 c5 6. Nf3 Nc6 7. Be3 Be7 8. Qd2
O-O 9. dxc5 Bxc5 10. O-O-O Qa5 11. a3 Be7 12. h4 Rb8 13. Bd3 b5 14. Bxh7+ Kh8
15. Ng5 b4 16. Qe2 g6 17. Bxg6 fxg6 18. h5 bxa3 19. hxg6+ Kg8 20. Rh8+ Kg7 21.
Nxe6+ 1-0

[Event "Olomouc Chess Summer 2017 - GM"]
[Site "Olomouc (CZE)"]
[Date "2017.08.19"]
[Round "11.2"]
[White "Torma 2492, Robert"]
[Black "Domogaev 2400, Sergey"]
[Result "0-1"]
[ECO "E63"]
[WhiteElo "2492"]
[BlackElo "2400"]
[PlyCount "120"]
[EventDate "2017.??.??"]
[TimeControl "6000+1105"]
[WhiteClock "0:05:45"]
[BlackClock "0:57:15"]

1. d4 Nf6 2. c4 g6 3. g3 Bg7 4. Bg2 O-O 5. Nc3 d6 6. Nf3 Nc6 7. O-O a6 8. d5
Na5 9. b3 c5 10. dxc6 Nxc6 11. Bb2 Bg4 12. Qc1 Qa5 13. Rd1 Be6 14. Qd2 Rac8 15.
Nd5 Qxd2 16. Nxd2 Bxd5 17. cxd5 Nb4 18. Nc4 b5 19. Ne3 Nc2 20. Nxc2 Rxc2 21.
Bd4 Ng4 22. Bxg7 Kxg7 23. a4 Rfc8 24. axb5 axb5 25. Bh3 f5 26. Bxg4 fxg4 27.
Rd4 Rxe2 28. Rxg4 Rf8 29. Ra7 h5 30. Rb4 Rexf2 31. Rxe7+ Kh6 32. Rf4 R8xf4 33.
gxf4 Rd2 34. Rd7 Rxd5 35. Kf2 g5 36. Ke3 Kg6 37. Ke4 Rd2 38. Ke3 Rd1 39. fxg5
Kxg5 40. Rb7 Rd5 41. Ke4 Rc5 42. Rb6 Kg4 43. Rxd6 Rc3 44. Rg6+ Kh4 45. b4 Rb3
46. Rd6 Rxb4+ 47. Kf3 Kh3 48. Rd2 h4 49. Re2 Rc4 50. Rd2 Rb4 51. Re2 Rb1 52.
Kf4 b4 53. Re3+ Kxh2 54. Kg4 Kg2 55. Re2+ Kf1 56. Rh2 Rd1 57. Kxh4 Ke1 58. Kg4
Rd3 59. Kf4 Kd1 60. Ke4 Rg3 0-1

[Event "Olomouc Chess Summer 2017 - GM"]
[Site "Olomouc (CZE)"]
[Date "2017.08.19"]
[Round "11.4"]
[White "Koksal 2360, Ege"]
[Black "Neuman 2457, Petr"]
[Result "1/2-1/2"]
[ECO "E92"]
[WhiteElo "2360"]
[BlackElo "2457"]
[PlyCount "43"]
[EventDate "2017.??.??"]
[TimeControl "5400+945"]
[WhiteClock "1:01:39"]
[BlackClock "0:49:37"]

1. d4 Nf6 2. c4 g6 3. Nc3 Bg7 4. e4 d6 5. Be2 O-O 6. Nf3 e5 7. Be3 Na6 8. O-O
Qe8 9. dxe5 Ng4 10. Bg5 dxe5 11. h3 h6 12. Bd2 Nf6 13. Be3 Qe7 14. Nd5 Qd8 15.
Qc2 Nd7 16. a3 f5 17. Rad1 c6 18. Nc3 f4 19. Bc1 Qe7 20. b4 Nc7 21. c5 Ne8 22.
Na4 1/2-1/2

[Event "Olomouc Chess Summer 2017 - GM"]
[Site "Olomouc (CZE)"]
[Date "2017.08.19"]
[Round "11.5"]
[White "Yagupov 2395, Igor"]
[Black "Pulpan 2390, Jakub"]
[Result "1/2-1/2"]
[ECO "B90"]
[WhiteElo "2395"]
[BlackElo "2390"]
[PlyCount "48"]
[EventDate "2017.??.??"]
[TimeControl "6000+1110"]
[WhiteClock "0:26:44"]
[BlackClock "0:59:13"]

1. e4 c5 2. Nf3 d6 3. d4 cxd4 4. Nxd4 Nf6 5. Nc3 a6 6. f3 e5 7. Nb3 Be6 8. Be3
h5 9. Qd2 Nbd7 10. Nd5 Bxd5 11. exd5 g6 12. Be2 Bg7 13. O-O b6 14. f4 Ne4 15.
Qb4 f5 16. fxe5 dxe5 17. Rad1 a5 18. Qb5 O-O 19. d6 Rc8 20. Bc4+ Kh7 21. Be6
Nef6 22. c4 Re8 23. Bf7 Rf8 24. Be6 Re8 1/2-1/2

[Event "Olomouc Chess Summer 2017 - IM 1"]
[Site "Olomouc (CZE)"]
[Date "2017.08.19"]
[Round "9.1"]
[White "Szotkowski 2374, Jakub"]
[Black "Mukashev 2199, Assan"]
[Result "1/2-1/2"]
[ECO "D11"]
[WhiteElo "2374"]
[BlackElo "2199"]
[PlyCount "33"]
[EventDate "2017.??.??"]
[TimeControl "6000+545"]
[WhiteClock "0:52:39"]
[BlackClock "1:20:02"]

1. d4 Nf6 2. c4 c6 3. Nf3 d5 4. e3 g6 5. Nc3 Bg7 6. Bd2 O-O 7. Rc1 a6 8. a4
Nbd7 9. cxd5 cxd5 10. Bd3 b6 11. O-O Bb7 12. Qe2 Ne4 13. Na2 Nxd2 14. Qxd2 e5
15. dxe5 Nxe5 16. Nxe5 Bxe5 17. Nb4 1/2-1/2

[Event "Olomouc Chess Summer 2017 - IM 1"]
[Site "Olomouc (CZE)"]
[Date "2017.08.19"]
[Round "9.4"]
[White "Brhel 2113, Jan"]
[Black "Chetverik 2250, Maxim"]
[Result "0-1"]
[ECO "A83"]
[WhiteElo "2113"]
[BlackElo "2250"]
[PlyCount "70"]
[EventDate "2017.??.??"]
[TimeControl "6000+1030"]
[WhiteClock "0:47:48"]
[BlackClock "0:08:06"]

1. d4 f5 2. e4 fxe4 3. Nc3 Nf6 4. Bg5 c6 5. f3 d5 6. Bxf6 exf6 7. fxe4 dxe4 8.
Nxe4 Be6 9. Qe2 Qd7 10. O-O-O Na6 11. Re1 Nc7 12. Qh5+ Qf7 13. Qa5 b6 14. Qa4
Qd7 15. Bc4 Be7 16. Bxe6 Nxe6 17. Nf3 O-O-O 18. d5 cxd5 19. Qxd7+ Kxd7 20. Nc3
Bb4 21. Rd1 Bxc3 22. Rxd5+ Kc6 23. Rxd8 Rxd8 24. bxc3 Rd5 25. Re1 Kd6 26. Re4
f5 27. Rh4 h6 28. Nd4 Ng5 29. g4 f4 30. Nf5+ Ke5 31. Nxg7 f3 32. Nf5 f2 33. Ng3
Rd6 34. Rh5 Kf4 35. h4 Kxg3 0-1

[Event "Olomouc Chess Summer 2017 - IM 2"]
[Site "Olomouc (CZE)"]
[Date "2017.08.19"]
[Round "9.1"]
[White "Nitish 2269, Belurkar"]
[Black "Burnett 2209, Andrew"]
[Result "1-0"]
[ECO "B22"]
[WhiteElo "2269"]
[BlackElo "2209"]
[PlyCount "135"]
[EventDate "2017.??.??"]
[TimeControl "6000+990"]
[WhiteClock "0:32:40"]
[BlackClock "0:19:40"]

1. e4 c5 2. c3 d5 3. exd5 Qxd5 4. d4 Nc6 5. Nf3 Bf5 6. Be3 cxd4 7. Nxd4 Nf6 8.
Qb3 Nxd4 9. Bxd4 e5 10. Bb5+ Bd7 11. Bxd7+ Kxd7 12. Be3 Qxg2 13. Rf1 Qd5 14. c4
Qc6 15. Nc3 Rc8 16. O-O-O+ Ke8 17. Kb1 Qxc4 18. Qxb7 Bb4 19. Nb5 Qe4+ 20. Qxe4
Nxe4 21. Nxa7 Rc7 22. Rd5 Rxa7 23. Rfd1 Rb7 24. Rxe5+ Re7 25. Rb5 Bd6 26. Rxd6
Nxd6 27. Rb8+ Kd7 28. Rxh8 Nf5 29. Rxh7 Nxe3 30. fxe3 f5 31. h4 Rxe3 32. Rxg7+
Ke6 33. h5 f4 34. Rg8 Kd5 35. Rf8 Ke4 36. a4 Rh3 37. Kc2 f3 38. a5 Rh2+ 39. Kc3
f2 40. a6 Rh3+ 41. Kb4 Rf3 42. Rxf3 Kxf3 43. a7 f1=Q 44. a8=Q+ Kg4 45. Qd5 Qe1+
46. Kb5 Qe8+ 47. Ka5 Qe1+ 48. b4 Qc3 49. Kb5 Qf6 50. Kc5 Qe7+ 51. Kc4 Qe2+ 52.
Kd4 Qf2+ 53. Kc3 Qe1+ 54. Kb3 Qb1+ 55. Ka4 Qa1+ 56. Kb5 Qf6 57. Qd1+ Kg5 58.
Ka5 Qc3 59. Qd5+ Kg4 60. h6 Qc7+ 61. Kb5 Qb8+ 62. Kc4 Qc7+ 63. Kb3 Qe7 64. Qc4+
Kf3 65. Qd3+ Kf2 66. h7 Qf7+ 67. Kb2 Qg7+ 68. Qc3 1-0

[Event "Olomouc Chess Summer 2017 - IM 2"]
[Site "Olomouc (CZE)"]
[Date "2017.08.19"]
[Round "9.2"]
[White "Pranav 2155, Anand"]
[Black "Olsarova 2283, Karolina"]
[Result "0-1"]
[ECO "C82"]
[WhiteElo "2155"]
[BlackElo "2283"]
[PlyCount "102"]
[EventDate "2017.??.??"]
[TimeControl "6000+1090"]
[WhiteClock "0:12:26"]
[BlackClock "0:37:08"]

1. e4 e5 2. Nf3 Nc6 3. Bb5 a6 4. Ba4 Nf6 5. O-O Nxe4 6. d4 b5 7. Bb3 d5 8. dxe5
Be6 9. c3 Bc5 10. Nbd2 O-O 11. Bc2 Nxf2 12. Rxf2 f6 13. exf6 Bxf2+ 14. Kxf2
Qxf6 15. Nf1 Ne5 16. Kg1 Nxf3+ 17. Qxf3 Qxf3 18. gxf3 Rxf3 19. Bd1 Rf6 20. Ng3
Bh3 21. Bg5 Re6 22. Bf3 c6 23. Bg2 Bxg2 24. Kxg2 Rae8 25. Rf1 Rg6 26. Bd2 Re5
27. Rf2 h5 28. Kh3 Rge6 29. Bf4 Re1 30. Nxh5 R6e2 31. Kg2 a5 32. Bd6 Rxf2+ 33.
Kxf2 Rb1 34. Ke3 Rxb2 35. a3 g6 36. Nf4 Rxh2 37. Kd4 g5 38. Ng6 Rh6 39. Ne7+
Kf7 40. Kc5 d4 41. cxd4 b4 42. axb4 axb4 43. Nxc6 b3 44. Ne5+ Kg8 45. Nc4 Rxd6
46. Kxd6 g4 47. Kc7 g3 48. d5 g2 49. d6 g1=Q 50. d7 Qc5+ 51. Kb7 Qd5+ 0-1

[Event "Olomouc Chess Summer 2017 - IM 2"]
[Site "Olomouc (CZE)"]
[Date "2017.08.19"]
[Round "9.4"]
[White "Mammadova 2277, Narmin"]
[Black "Jurek 2274, Josef"]
[Result "1/2-1/2"]
[ECO "C02"]
[WhiteElo "2277"]
[BlackElo "2274"]
[PlyCount "89"]
[EventDate "2017.??.??"]
[TimeControl "6000+985"]
[WhiteClock "0:16:08"]
[BlackClock "0:35:05"]

1. e4 e6 2. d4 d5 3. e5 c5 4. c3 Nc6 5. Nf3 Bd7 6. Na3 cxd4 7. cxd4 Bxa3 8.
bxa3 Qa5+ 9. Bd2 Qxa3 10. Rb1 Rb8 11. Qc2 Nh6 12. Rb3 Qe7 13. Qb2 Nf5 14. Bb5
Qd8 15. O-O O-O 16. Bg5 Qe8 17. Bd3 Na5 18. Rc3 Nc4 19. Qe2 b5 20. Bf4 b4 21.
Rcc1 Bb5 22. g4 Ne7 23. Bxh7+ Kxh7 24. Ng5+ Kg8 25. Qd3 f5 26. exf6 Qg6 27. f7+
Kh8 28. Qxg6 Nxg6 29. Bxb8 Rxb8 30. Rfe1 Nf4 31. Nxe6 Nxe6 32. Rxe6 Rf8 33. Re7
a5 34. Rce1 g6 35. Rb7 Ba4 36. Kg2 Kg7 37. Ree7 Nd6 38. Rbc7 Bb5 39. Re6 Nc4
40. Rb7 Ba4 41. Ree7 Nd6 42. Rbc7 Bb5 43. Re6 Nc4 44. Rb7 Ba4 45. Ree7 1/2-1/2

[Event "Olomouc Chess Summer 2017 - IM 2"]
[Site "Olomouc (CZE)"]
[Date "2017.08.19"]
[Round "9.5"]
[White "Leeb 2207, Simon"]
[Black "Galyas 2486, Miklos"]
[Result "0-1"]
[ECO "A10"]
[WhiteElo "2207"]
[BlackElo "2486"]
[PlyCount "60"]
[EventDate "2017.??.??"]
[TimeControl "6000+890"]
[WhiteClock "0:18:51"]
[BlackClock "0:20:06"]

1. c4 f5 2. Nc3 Nf6 3. g3 g6 4. Bg2 Bg7 5. d4 O-O 6. Nh3 d6 7. d5 c6 8. O-O e5
9. dxe6 Bxe6 10. Qd3 Na6 11. Bf4 d5 12. cxd5 Nb4 13. Qe3 Bxd5 14. Nxd5 Nbxd5
15. Bxd5+ Nxd5 16. Qe6+ Kh8 17. e4 fxe4 18. Qxe4 Qd7 19. Qg2 Bxb2 20. Rad1 Bg7
21. Be3 Qf5 22. Nf4 Nxe3 23. fxe3 Rae8 24. Rb1 Qe5 25. Rxb7 Qxe3+ 26. Kh1 g5
27. Nh3 Rxf1+ 28. Qxf1 Rf8 29. Qg2 Qe1+ 30. Ng1 Bd4 0-1

[Event "Olomouc Chess Summer 2017 - open"]
[Site "Olomouc (CZE)"]
[Date "2017.08.19"]
[Round "9.1"]
[White "Lushnikov 2121, Evgeny"]
[Black "Nasanjargal 2419, Urtnasan"]
[Result "0-1"]
[ECO "B40"]
[WhiteElo "2121"]
[BlackElo "2419"]
[PlyCount "70"]
[EventDate "2017.??.??"]
[TimeControl "5400+640"]
[WhiteClock "0:45:46"]
[BlackClock "0:37:17"]

1. e4 c5 2. Nf3 e6 3. d4 cxd4 4. Nxd4 Nf6 5. Bd3 Nc6 6. Nxc6 dxc6 7. O-O e5 8.
Nd2 Be6 9. Qe2 Be7 10. Nc4 Nd7 11. Kh1 O-O 12. f4 exf4 13. Bxf4 Nc5 14. Rad1
Nxd3 15. cxd3 Bc5 16. a3 Bd4 17. b4 b5 18. Ne5 Rc8 19. Nf3 Bg4 20. h3 Bxf3 21.
Rxf3 c5 22. bxc5 Rxc5 23. Be3 a5 24. Rdf1 b4 25. axb4 axb4 26. Qa2 Rc7 27. Qb3
Bxe3 28. Rxe3 Qd4 29. Ref3 g6 30. e5 Rc3 31. Qb1 b3 32. e6 f5 33. Rf4 Qd5 34.
e7 Re8 35. Rb4 Rxd3 0-1

[Event "Olomouc Chess Summer 2017 - open"]
[Site "Olomouc (CZE)"]
[Date "2017.08.19"]
[Round "9.2"]
[White "Kusenkova 2088, Natallia"]
[Black "Mitchell 2228, Martin"]
[Result "1/2-1/2"]
[ECO "A61"]
[WhiteElo "2088"]
[BlackElo "2228"]
[PlyCount "54"]
[EventDate "2017.??.??"]
[TimeControl "6000+1095"]
[WhiteClock "0:19:22"]
[BlackClock "0:18:57"]

1. d4 Nf6 2. Nf3 e6 3. c4 c5 4. d5 exd5 5. cxd5 d6 6. Nc3 g6 7. e4 Bg7 8. h3
O-O 9. Bd3 Nh5 10. O-O Nd7 11. Bg5 Bf6 12. Be3 Re8 13. g4 Ng7 14. Kg2 Ne5 15.
Nxe5 Bxe5 16. Re1 f5 17. exf5 gxf5 18. f4 Bxc3 19. bxc3 c4 20. Bc2 fxg4 21.
hxg4 Qf6 22. Rc1 Bd7 23. Qf3 Qh4 24. Rh1 Qxg4+ 25. Qxg4 Bxg4 26. Bxh7+ Kf7 27.
Kf2 Nf5 1/2-1/2

[Event "Olomouc Chess Summer 2017 - open"]
[Site "Olomouc (CZE)"]
[Date "2017.08.19"]
[Round "9.3"]
[White "Houska 2202, Jiri"]
[Black "Zaehringer 2015, Daniel"]
[Result "1-0"]
[ECO "D44"]
[WhiteElo "2202"]
[BlackElo "2015"]
[PlyCount "71"]
[EventDate "2017.??.??"]
[TimeControl "6000+1210"]
[WhiteClock "0:11:28"]
[BlackClock "0:33:26"]

1. d4 d5 2. c4 e6 3. Nc3 c6 4. Nf3 Nf6 5. Bg5 dxc4 6. e4 b5 7. e5 h6 8. Bh4 g5
9. Nxg5 hxg5 10. Bxg5 Nbd7 11. g3 Qb6 12. exf6 Bb7 13. Bg2 O-O-O 14. O-O Ne5
15. dxe5 Rxd1 16. Raxd1 b4 17. Ne4 c5 18. Nd6+ Bxd6 19. Rxd6 Qb5 20. Bxb7+ Qxb7
21. Rfd1 a5 22. Be3 Qb5 23. h4 a4 24. a3 c3 25. bxc3 b3 26. c4 Qxc4 27. Rc1 Qe4
28. Rxc5+ Kb7 29. Rd4 Qf3 30. Kh2 Ka6 31. Rxa4+ Kb7 32. Rb4+ Ka6 33. Ra4+ Kb7
34. Rf4 b2 35. Rxf3 b1=Q 36. Rf4 1-0

[Event "Olomouc Chess Summer 2017 - open"]
[Site "Olomouc (CZE)"]
[Date "2017.08.19"]
[Round "9.4"]
[White "Zdrazil 1892, Jan"]
[Black "Kula 2153, Dominik"]
[Result "0-1"]
[ECO "B94"]
[WhiteElo "1892"]
[BlackElo "2153"]
[PlyCount "114"]
[EventDate "2017.??.??"]
[TimeControl "6000+825"]
[WhiteClock "0:08:16"]
[BlackClock "0:40:41"]

1. e4 c5 2. Nf3 d6 3. d4 cxd4 4. Nxd4 Nf6 5. Nc3 a6 6. Bg5 Nbd7 7. f4 Qc7 8.
Qf3 h6 9. Bh4 g5 10. fxg5 hxg5 11. Bxg5 Qc5 12. Be3 Ne5 13. Qe2 Neg4 14. Bg1
Bh6 15. Qc4 Be3 16. Qxc5 dxc5 17. Nb3 b6 18. Bxe3 Nxe3 19. Kd2 Nxf1+ 20. Raxf1
Bb7 21. Rf4 O-O-O+ 22. Ke3 Rhg8 23. g3 Ng4+ 24. Ke2 Ne5 25. Rd1 Rdf8 26. Nd5
Bxd5 27. exd5 Rg6 28. Re4 f6 29. Kf2 Rh8 30. Rh1 Kd7 31. Re2 Kd6 32. Rd2 Rh5
33. c3 Nc4 34. Re2 Rxd5 35. Rhe1 Ne5 36. Kg2 b5 37. Nd2 Rd3 38. Ne4+ Kc6 39.
Re3 Rd8 40. R3e2 Rh8 41. Rd2 Rgh6 42. h4 Rg8 43. Kf2 Rg4 44. Ree2 c4 45. Rd8
Nd3+ 46. Kf3 Ne5+ 47. Kf2 f5 48. Ng5 Nd3+ 49. Kf3 e5 50. Nf7 Re6 51. h5 e4+ 52.
Ke3 Re7 53. Nh6 Rxg3+ 54. Kd4 Rg5 55. Rf8 Nf4 56. Rf6+ Kb7 57. Re1 Rd7+ 0-1

[Event "Olomouc Chess Summer 2017 - open"]
[Site "Olomouc (CZE)"]
[Date "2017.08.19"]
[Round "9.5"]
[White "Hoerr 2196, Matthias"]
[Black "Schmid 2127, Thomas"]
[Result "1-0"]
[ECO "B90"]
[WhiteElo "2196"]
[BlackElo "2127"]
[PlyCount "57"]
[EventDate "2017.??.??"]
[TimeControl "6000+900"]
[WhiteClock "0:12:16"]
[BlackClock "0:03:02"]

1. e4 c5 2. Nc3 d6 3. Nge2 Nf6 4. d4 cxd4 5. Nxd4 a6 6. Be3 e5 7. Nb3 Be6 8.
Qd2 Be7 9. f4 b5 10. O-O-O Nbd7 11. h3 O-O 12. g4 exf4 13. Bxf4 Ne5 14. Qh2
Nfd7 15. Kb1 Qc7 16. Nd4 Rfc8 17. Nf5 Bf8 18. Nd5 Bxd5 19. exd5 Re8 20. g5 Nb6
21. Qg2 Rac8 22. Bd3 Nbc4 23. Bc1 b4 24. h4 a5 25. h5 a4 26. g6 fxg6 27. hxg6
Nxg6 28. Rxh7 Kxh7 29. Rh1+ 1-0

[Event "Olomouc Chess Summer 2017 - open"]
[Site "Olomouc (CZE)"]
[Date "2017.08.19"]
[Round "9.6"]
[White "Gombocz 1894, Ferenc Jr"]
[Black "Steiner 2185, Bruno"]
[Result "1/2-1/2"]
[ECO "A13"]
[WhiteElo "1894"]
[BlackElo "2185"]
[PlyCount "99"]
[EventDate "2017.??.??"]
[TimeControl "6000+1110"]
[WhiteClock "0:20:06"]
[BlackClock "0:19:09"]

1. c4 e6 2. g3 d5 3. Bg2 Nf6 4. Nf3 dxc4 5. Qa4+ Nbd7 6. Qxc4 a6 7. Qc2 Rb8 8.
O-O c5 9. d3 Bd6 10. Nc3 b5 11. a4 Qb6 12. axb5 axb5 13. Nd2 O-O 14. Nde4 Bb7
15. Nxd6 Bxg2 16. Kxg2 Qxd6 17. Kg1 h6 18. h3 Rfc8 19. Be3 e5 20. Rfc1 Nf8 21.
Ra5 Ne6 22. Nxb5 Qd7 23. Qa4 Nd4 24. Nxd4 exd4 25. Qxd7 Nxd7 26. Bf4 Rxb2 27.
Kf1 g5 28. Bd6 Rb6 29. Be7 Re6 30. Bxc5 Rec6 31. Ra4 Rxc5 32. Rxc5 Nxc5 33.
Rxd4 Ne6 34. Rd5 Kf8 35. Kg2 Ke7 36. Ra5 Rc5 37. Ra7+ Rc7 38. Ra5 Rd7 39. Ra3
f5 40. e3 f4 41. Kf3 fxe3 42. fxe3 Kf6 43. d4 Rf7 44. Ra6 Kg7+ 45. Ke4 Nc7 46.
Rc6 Re7+ 47. Kf3 Rf7+ 48. Ke4 Re7+ 49. Kf3 Rf7+ 50. Ke4 1/2-1/2

[Event "Olomouc Chess Summer 2017 - open"]
[Site "Olomouc (CZE)"]
[Date "2017.08.19"]
[Round "9.7"]
[White "Stigar 2236, Petter"]
[Black "Benes 2015, Miroslav"]
[Result "1-0"]
[ECO "E09"]
[WhiteElo "2236"]
[BlackElo "2015"]
[PlyCount "129"]
[EventDate "2017.??.??"]
[TimeControl "6000+1415"]
[WhiteClock "0:28:02"]
[BlackClock "0:13:35"]

1. Nf3 d5 2. d4 c6 3. c4 e6 4. Qc2 Nf6 5. g3 Be7 6. Bg2 O-O 7. Nbd2 Nbd7 8. O-O
b6 9. e4 dxe4 10. Nxe4 Nxe4 11. Qxe4 Bb7 12. Rd1 Qc8 13. Qe2 Re8 14. Bg5 Bxg5
15. Nxg5 Nf6 16. Rd2 Rb8 17. Ne4 Nxe4 18. Bxe4 c5 19. Rad1 cxd4 20. Rxd4 Bxe4
21. Qxe4 b5 22. b3 bxc4 23. Rxc4 Qa6 24. Ra4 Qb7 25. Qd4 Ra8 26. Qd3 h6 27. Rd4
Re7 28. Rd7 Rxd7 29. Qxd7 Qe4 30. Qd3 Qb7 31. Rc1 Rc8 32. Rxc8+ Qxc8 33. b4
Qc1+ 34. Kg2 Qc6+ 35. Qf3 Qa4 36. a3 a6 37. h4 f6 38. h5 e5 39. Qd5+ Kf8 40.
Qc5+ Kf7 41. Qc4+ Kf8 42. Qc3 Kf7 43. g4 Kg8 44. Kg3 Kf7 45. Qd3 Kg8 46. f3 Kh8
47. Kf2 Kg8 48. Ke3 Kh8 49. Kd2 Kg8 50. Kc1 Kf8 51. Kb2 Ke7 52. Qg6 Kf8 53. Qc2
Qd7 54. a4 Qd4+ 55. Qc3 Qd7 56. b5 axb5 57. Qb4+ Kf7 58. axb5 Qb7 59. Qc4+ Ke7
60. Qd3 Qb6 61. Kb3 Qa5 62. Qc4 Qd2 63. Qb4+ Qxb4+ 64. Kxb4 Kd7 65. Kc5 1-0

[Event "Olomouc Chess Summer 2017 - open"]
[Site "Olomouc (CZE)"]
[Date "2017.08.19"]
[Round "9.8"]
[White "Baasansuren 2169, Erdene"]
[Black "Brantjes 1961, Yme"]
[Result "1-0"]
[ECO "A62"]
[WhiteElo "2169"]
[BlackElo "1961"]
[PlyCount "103"]
[EventDate "2017.??.??"]
[TimeControl "6000+1310"]
[WhiteClock "0:31:16"]
[BlackClock "0:14:11"]

1. d4 Nf6 2. c4 c5 3. d5 e6 4. Nc3 exd5 5. cxd5 d6 6. Nf3 g6 7. g3 Bg7 8. Bg2
O-O 9. O-O a6 10. a4 Nbd7 11. Bf4 Qc7 12. Rc1 Nh5 13. Bd2 Rb8 14. b4 cxb4 15.
Nb5 Qd8 16. Nxd6 a5 17. e4 Qe7 18. Nb5 Qxe4 19. Re1 Qxd5 20. Ne5 Qa2 21. Ra1
Qb2 22. Rb1 Qa2 23. Bxb4 axb4 24. Bd5 Nxe5 25. Bxa2 Bg4 26. Qb3 Nf3+ 27. Kg2
Nxe1+ 28. Rxe1 Be6 29. Qb1 Bxa2 30. Qxa2 Rfe8 31. Rd1 Red8 32. Re1 Re8 33.
Rxe8+ Rxe8 34. Nd6 Re7 35. Qc4 Bf8 36. Qb5 b6 37. Nc8 Rc7 38. Nxb6 Nf6 39. a5
Rc2 40. a6 Ra2 41. Nc8 Ne4 42. a7 Bc5 43. Qe8+ Kg7 44. Qxe4 Rxf2+ 45. Kh3 Bxa7
46. Nxa7 Rf5 47. Qxb4 h5 48. Nb5 Kg8 49. Nd6 Rf1 50. Kg2 Rf6 51. Qb8+ Kh7 52.
Qd8 1-0